 Dungeon Crawl Stone Soup version 0.14-a0-1663-g0b35444 (webtiles) character file.

175 Jenx the Cudgeler (level 3, -2/31 HPs)
             Began as a Minotaur Fighter on Dec 28, 2013.
             Slain by a gnoll
             ... wielding a +1,+1 whip of electrocution
              (6 damage)
             ... while paralysed by a potion of paralysis
             ... on Level 3 of the Dungeon.
             The game lasted 00:07:50 (1557 turns).

Jenx the Cudgeler (Minotaur Fighter)                Turns: 1557, Time: 00:07:51

HP  -2/31        AC  6     Str 20      XL: 3   Next: 71%
MP   2/2         EV  2     Int  5      God:
Gold 119         SH  0     Dex 10      Spells:  0 memorised,  2 levels left

rFire  . . .     SeeInvis .     a - +0 dwarf mace
rCold  . . .     Clarity  .     b - +0 scale mail
rNeg   . . .     Conserve .     c - +0 shield
rPois  .         rCorr    .     (helmet restricted)
rElec  .         rRot     .     (no cloak)
SustAb . .       Spirit   .     (no gloves)
rMut   .         Warding  .     (no boots)
Saprov . . .     Stasis   .     (no amulet)
                                (no ring)
                                (no ring)

@: paralysed, not resistant to hostile enchantments, extremely unstealthy
A: retaliatory headbutt, horns 2
a: no special abilities


You were on level 3 of the Dungeon.
You were not hungry.

You visited 1 branch of the dungeon, and saw 3 of its levels.

You collected 119 gold pieces.

Inventory:

Hand weapons
 a - a +0,+0 dwarven mace (weapon)
Armour
 b - a +0 scale mail (worn)
 c - a +0 shield (worn)
Comestibles
 d - a bread ration
 i - an apple
 k - a pear
 m - a meat ration
Scrolls
 e - 4 scrolls of remove curse {unknown}
 f - a scroll of enchant armour {unknown}
 h - a scroll of random uselessness {unknown}
 j - a scroll of identify {unknown}
 l - a scroll of noise {unknown}
 q - a scroll of recharging {unknown}
Jewellery
 r - an uncursed amulet of resist corrosion {unknown}
Potions
 g - 2 potions of paralysis


   Skills:
 - Level 3.6 Fighting
 * Level 5.0 Maces & Flails
 - Level 3.6 Armour
 - Level 3.6 Shields


You had 2 spell levels left.
You didn't know any spells.

Dungeon Overview and Level Annotations

Branches:
Dungeon (3/16)

Altars:

Annotations:
D:3 exclusion: door


Innate Abilities, Weirdness & Mutations

You reflexively headbutt those who attack you in melee.
You have a pair of horns on your head.


Message History

You block the gnoll's attack.
You hit the gnoll.
The gnoll is moderately wounded.
The gnoll hits you with a runed whip.
You hit the gnoll but do no damage.
The gnoll is moderately wounded.
The gnoll hits you with a runed whip.
You hit the gnoll. Your headbutt misses the gnoll.
The gnoll is heavily wounded.
The gnoll hits you with a runed whip.
You hit the gnoll but do no damage. Your headbutt misses the gnoll.
The gnoll is heavily wounded.
The gnoll hits you but does no damage.
You are electrocuted!
Ouch! That really hurt!
* * * LOW HITPOINT WARNING * * *
Drink which item? (? for menu, Esc to quit)
You suddenly lose the ability to move!
It was a potion of paralysis.
The gnoll hits you but does no damage.
The gnoll hits you with a whip of electrocution.
You die...

...................##.#
......................#
.......########....####
###)...# ###.####
..#....# #......#
#.#....# #......#
#.#.[..# +......#
#......+ #.....##
###....# # ####@## # #
###### #.# #g# #.# ###
..#.# #K# #.#.. ..#
#.%?#=# #.# #.#...# ..#
#..Z.#.##.##.#....#
#.....#.#.#.#.....#
#......#.#.#......#
#.......#.#.......#
#......g.#........#


You could see a gnoll and a kobold.

Vanquished Creatures
  2 gnolls (D:3)
  2 giant geckos
  A bat (D:1)
  4 giant cockroaches
  4 hobgoblins (D:1)
  A quokka (D:2)
  A ball python (D:1)
  4 giant newts
  6 goblins
  3 jackals (D:1)
  4 kobolds
  6 rats
38 creatures vanquished.

Notes
Turn   | Place    | Note
--------------------------------------------------------------
     0 | D:1      | Jenx, the Minotaur Fighter, began the quest for the Orb.
     0 | D:1      | Reached XP level 1. HP: 19/19 MP: 1/1
   153 | D:1      | Reached XP level 2. HP: 20/26 MP: 1/1
   651 | D:1      | Reached skill level 4 in Maces & Flails
  1029 | D:2      | Reached XP level 3. HP: 29/31 MP: 2/2
  1550 | D:3      | Reached skill level 5 in Maces & Flails
  1556 | D:3      | Paralysed by a potion of paralysis for 7 turns
  1557 | D:3      | Slain by a gnoll

Action                   || total
-------------------------++-------
Melee: Mace              ||   104
  Use: Potion            ||     1
